 Dungeon Crawl Stone Soup version 0.29.1-2-gbd0b4ee654 (webtiles) character file.

Game seed: 6550934997359596209

82 GorkyZ the Conjurer (level 4, 0/24 HPs)
             Began as a Deep Elf Conjurer on Nov 14, 2022.
             Slain by a hound (3 damage)
             ... on level 3 of the Dungeon.
             The game lasted 00:11:59 (2092 turns).

GorkyZ the Conjurer (Deep Elf Conjurer)             Turns: 2092, Time: 00:12:00

Health: 0/24       AC:  4    Str:  4    XL:     4   Next: 21%
Magic:  9/12       EV:  9    Int: 25    God:
Gold:   68         SH:  0    Dex: 13    Spells: 7/11 levels left

rFire   . . .      SeeInvis +   c - staff of death
rCold   . . .      Faith    .   (no shield)
rNeg    + . .      Spirit   .   a - +0 robe
rPois   .          Reflect  .   (no helmet)
rElec   .          Harm     .   k - +0 cloak
rCorr   .          Rampage  .   i - +0 pair of gloves
Will    .....                   (no boots)
Stlth   ++........              (no amulet)
HPRegen 0.08/turn               d - ring of flight
MPRegen 0.13/turn               j - ring of see invisible

@: flying, very slightly contaminated, constricted
A: no striking features
a: no special abilities


You were on level 3 of the Dungeon.
You visited 1 branch of the dungeon, and saw 3 of its levels.

You collected 68 gold pieces.

Inventory:

Armour
 a - a +0 robe (worn)
 i - a +0 pair of gloves (worn)
 k - a +0 cloak (worn)
Magical Staves
 c - a staff of death (weapon)
Jewellery
 d - a ring of flight (left hand)
 j - a ring of see invisible (right hand)
Scrolls
 b - a scroll of enchant armour {unknown}
 g - 2 scrolls of identify
Potions
 e - 2 potions of might
 h - a potion of curing {unknown}
 l - a potion of cancellation {unknown}


   Skills:
 * Level 0.6 Staves
 * Level 2.8 Dodging
 - Level 2.4 Stealth
 * Level 4.3 Spellcasting
 + Level 5.4 Conjurations
 * Level 0.3 Necromancy


You had 7 spell levels left.
You knew the following spells:

 Your Spells              Type           Power      Damage    Failure   Level
a - Magic Dart            Conj           100%       1d8       1%          1
b - Dazzling Flash        Conj/Hex       36%        N/A       9%          3

Your spell library contained the following spells:

 Spells                   Type           Power      Damage    Failure   Level
 Searing Ray              Conj           64%        2d6       1%          2
 Fulminant Prism          Conj/Hex       9%         3d7       28%         4
 Iskenderun's Mystic Bla  Conj/Tloc      18%        2d6       28%         4


Dungeon Overview and Level Annotations

Branches:
Dungeon (3/15)

Altars:

Shops:
D:2 [

Portals:
Sewer: D:3

Annotations:
D:3 1 transporter, Xenoroth98's ghost, amateur GrFi


Message History

Uppercase [Y]es or [N]o only, please.
The spell is quite dangerous to miscast (9% risk of failure)!
Continue anyway?
Casting: Dazzling Flash (quite dangerous; 9% risk of failure)
Press: ? - help, Dir - look around, f - activate Look: a hound (heavily wounded, not susceptible)
You miscast Dazzling Flash.
You are very lightly contaminated with residual magic.
Nothing appears to happen.
The hound barely misses you. The ball python bites you.
The ball python grabs you. The ball python constricts you.
You hit the hound.
The hound is heavily wounded.
The hound bites you.
The ball python bites you but does no damage.
The ball python constricts you. The hound bites you but does no damage.
The rat closely misses you.
You barely miss the orc. The hound bites you. The ball python bites you.
The ball python constricts you. The orc hits you with a +0 club.
The rat barely misses you. The hound bites you but does no damage.
You hit the orc.
The orc is lightly wounded.
The ball python closely misses you. The ball python constricts you.
* * * LOW HITPOINT WARNING * * *
The hound closely misses you. The orc hits you with a +0 club.
* * * LOW HITPOINT WARNING * * *
The rat barely misses you. The ball python barely misses you.
The ball python constricts you.
* * * LOW HITPOINT WARNING * * *
It was a potion of flight.
You feel more buoyant. The hound bites you.
* * * LOW HITPOINT WARNING * * *
The orc barely misses you. The rat misses you.
The ball python bites you but does no damage.
The ball python constricts you.
* * * LOW HITPOINT WARNING * * *
The hound barely misses you.
The ball python's grasp on you weakens, but your attempt to escape fails.
The hound bites you.
You die...

##.....# ###.#................# .
#......# #....................##.
#......##........................
#......##...#########........##..
.......##..##.......##.......##..
.###...##..#8.......8#..#######..
...+.......#.........#...........
...#.......#$....r...#..#.######.
..>.......©#$...@hW..#©...## .
.#.#.......#....oS...#..#..# .
.#.#### ..#.........#......# .
.#.. ..#8.......8#.......# # .#
..##©......##.........
...#########...#........
........................
.................####.##
####....# o.


You could see a hound, Xenoroth98's ghost, an orc, a ball python and a rat.

Vanquished Creatures
  3 adders (D:2)
  3 worms
  3 dart slugs (D:2)
  7 bats
  3 endoplasms
  2 giant cockroaches (D:1)
  3 goblins (D:2)
  A hobgoblin (D:2)
  2 jackals (D:1)
  4 kobolds
  2 quokkas
  A ball python (D:3)
  5 frilled lizards
  4 rats
43 creatures vanquished.

Notes
Turn   | Place    | Note
-------+----------+-------------------------------------------
     0 | D:1      | GorkyZ the Deep Elf Conjurer began the quest for the Orb.
     0 | D:1      | Reached XP level 1. HP: 10/10 MP: 6/6
   273 | D:1      | Reached XP level 2. HP: 15/15 MP: 5/8
   797 | D:1      | Found a faded altar of an unknown god.
  1053 | D:1      | You are sucked into a shaft and drop 1 floor!
  1319 | D:2      | Found Sywiej's Armour Shoppe.
  1324 | D:2      | Reached skill level 5 in Conjurations
  1324 | D:2      | Reached XP level 3. HP: 19/19 MP: 7/10
  1657 | D:2      | Reached XP level 4. HP: 24/24 MP: 9/12
  2006 | D:3      | Noticed Xenoroth98's ghost (amateur GrFi)
  2064 | D:3      | Found a glowing drain.
  2073 | D:3      | Found a transporter.
  2083 | D:3      | Learned a level 3 spell: Dazzling Flash
  2085 | D:3      | Found a transporter.
  2092 | D:3      | Slain by a hound

Illustrated notes

Levels and vault maps discovered:
D:1:      amcnicky_arrival_blooded_trapdoor, layout_basic,
          ebering_ecumenical_altar_hall, nicolae_wormholes
D:2:      layout_basic, serial_shops, nicolae_square_shop, corexii_shack
D:3:      layout_basic, gup_sewer_entry_glass, gammafunk_ghost_arena,
          st_stairs_14, uniq_sigmund, uniq_terence

Skill      XL: |  1  2  3 |
---------------+----------+-----
Conjurations   | 5 |  5.4
Spellcasting   | 4 |  4.3
Staves         | |  0.6
Dodging        | |  2.8
Stealth        | |  2.4
Necromancy     | |  0.3

Action                   |  1- 3 |  4- 6 || total
-------------------------+-------+-------++-------
Melee: Unarmed           |     1 |       ||     1
       Staff             |     6 |    11 ||    17
 Cast: Magic Dart        |    81 |    10 ||    91
  Use: Scroll            |     2 |       ||     2
       Potion            |     1 |     1 ||     2
Armor: Robe              |     5 |     6 ||    11
Dodge: Dodged            |     6 |    17 ||    23
